 Dungeon Crawl Stone Soup version 0.27-a0-380-g150de4c (webtiles) character file.

Game seed: 12829244605478386265

379 MrTaco21 the Cudgeller (level 6, -1/37 HPs)
             Began as a Gargoyle Fighter on Feb 17, 2021.
             Killed from afar by an orc wizard (5 damage)
             ... with a puff of flame
             ... on level 3 of the Dungeon.
             The game lasted 00:05:57 (2582 turns).

MrTaco21 the Cudgeller (Gargoyle Fighter)           Turns: 2582, Time: 00:05:58

Health: -1/37      AC: 10    Str: 22    XL:     6   Next: 74%
Magic:  6/6        EV: 12    Int:  8    God:
Gold:   147        SH:  9    Dex:  9    Spells: 5/5 levels left

rFire    + . .     SeeInvis .   a - +0 flail
rCold    . . .     Faith    .   c - +0 kite shield
rNeg     + + .     Spirit   .   m - +0 ring mail {rF+}
rPois    ∞         Reflect  .   (no helmet)
rElec    +         Harm     .   (no cloak)
rCorr    .         Rampage  .   (no gloves)
Will     .....                  (no boots)
Stlth    ..........             (no amulet)
HPRegen  0.12/turn              b - ring of positive energy
MPRegen  0.10/turn              r - +4 ring of evasion

@: no status effects
A: negative energy resistance 1, electricity resistance, unbreathing,
petrification resistance, miasma immunity, AC +4
a: no special abilities


You were on level 3 of the Dungeon.
You visited 1 branch of the dungeon, and saw 4 of its levels.

You collected 147 gold pieces.

Inventory:

Hand Weapons
 a - a +0 flail (weapon)
Armour
 c - a +0 kite shield (worn)
 m - a +0 ring mail of fire resistance (worn)
   (You found it on level 1 of the Dungeon)
Jewellery
 b - a ring of positive energy (left hand)
   (You found it on level 2 of the Dungeon)
 q - a ring of ice
   (You found it on level 3 of the Dungeon)
 r - a +4 ring of evasion (right hand)
   (You found it on level 3 of the Dungeon)
Scrolls
 f - 5 scrolls of identify {unknown}
 g - a scroll of teleportation {unknown}
 j - 2 scrolls of immolation {unknown}
 l - a scroll of blinking {unknown}
 o - 3 scrolls of magic mapping {unknown}
 p - a scroll of random uselessness {unknown}
Potions
 d - 2 potions of might
 e - a potion of haste {unknown}
 h - a potion of ambrosia {unknown}
 i - 2 potions of cancellation {unknown}
 k - a potion of flight {unknown}
 n - a potion of attraction {unknown}


   Skills:
 - Level 3.2 Fighting
 + Level 7.0 Maces & Flails
 - Level 3.2 Armour
 - Level 3.2 Shields


You had 5 spell levels left.
You didn't know any spells.
Your spell library was empty.

Dungeon Overview and Level Annotations

Branches:
Dungeon (4/15)
 Temple: D:4-7

Altars:
Makhleb
Nemelex Xobeh


Innate Abilities, Weirdness & Mutations

You are resistant to torment.
Your stone body is resilient. (AC +4)
You are immune to poison.
You resist negative energy. (rN+)
You are resistant to electric shocks. (rElec)
You can survive without breathing.
You are immune to petrification.
You are immune to miasma.


Message History

You miss something. Something hits you but does no damage.
You miss something. Something hits you but does no damage.
Unknown command.
Unknown command.
Unknown command.
Unknown command.
Unknown command.
You bump into the rock wall.
You feel less confused.
You hear some strange, mumbled words.
You are confused.
Unknown command.
You're too confused to move!
Something hits you but does no damage.
You closely miss something. Something hits you but does no damage.
Unknown command.
You closely miss something.
You hear some strange, mumbled words.
You are more confused.
Something hits you but does no damage.
Unknown command.
Unknown command.
You bump into the rock wall.
Something hits you but does no damage.
Unknown command.
You sock something!
An orc wizard appears from thin air!
Reactivating autopickup.
The orc wizard hits you but does no damage.
Unknown command.
You bump into the rock wall.
The orc wizard closely misses you.
Unknown command.
You bump into the rock wall.
The orc wizard closely misses you.
You're too confused to move!
The orc wizard points at itself and mumbles some strange words.
The orc wizard flickers and vanishes!
Deactivating autopickup; reactivate with Ctrl-A.
Unknown command.
Unknown command.
Unknown command.
You bump into the rock wall.
You feel less confused. Something hits you but does no damage.
You hit something but do no damage.
You hear some strange, mumbled words.
A puff of flame appears from out of thin air!
The puff of flame hits you. You resist.
You die...

# #.## # ######..# #
#....##.# ###### # #....##.#
###....# # #....##.# #.#.##.#
####....##.###########.#.##.#
...'....'.......>#..........#
####....###.#.##{#.###.#.####
####...†# #...##@#.###.#.#
+..'....# ##...........#.#
####....####...#.#.###.#.#
####...........#.#.###.#.#
#.##...###.#...#.....#†#.#
#.##...# #.#...#.#.#.#.#.#
#......# #.#...#.#.#.#.#.#
#.##.#.# #.........#.#.#.#
#.##.#.####.#..........#.#


There were no monsters in sight!

Vanquished Creatures
  Sigmund (D:2)
  An ogre (D:4)
  An orc priest (D:4)
  3 gnolls (D:3)
  2 adders
  An ooze (D:4)
  A worm (D:2)
  2 leopard geckos
  6 orcs (D:3)
  4 bats
  A giant cockroach (D:1)
  4 goblins
  5 hobgoblins
  3 jackals (D:3)
  3 frilled lizards
  A jackal skeleton (D:4)
  A kobold (D:1)
  6 rats
46 creatures vanquished.

Notes
Turn   | Place    | Note
-------+----------+-------------------------------------------
     0 | D:1      | MrTaco21 the Gargoyle Fighter began the quest for the Orb.
     0 | D:1      | Reached XP level 1. HP: 14/14 MP: 1/1
   283 | D:1      | Reached XP level 2. HP: 16/19 MP: 2/2
   553 | D:1      | Reached skill level 3 in Maces & Flails
   905 | D:2      | Reached XP level 3. HP: 19/23 MP: 3/3
  1052 | D:2      | Found a burning altar of Makhleb.
  1107 | D:2      | Noticed Sigmund
  1170 | D:2      | Found a sparkling altar of Nemelex Xobeh.
  1271 | D:2      | Killed Sigmund
  1272 | D:2      | Reached skill level 5 in Maces & Flails
  1272 | D:2      | Reached XP level 4. HP: 14/28 MP: 4/4
  1272 | D:2      | Reached XP level 5. HP: 16/32 MP: 5/5
  1996 | D:3      | Reached skill level 6 in Maces & Flails
  2000 | D:3      | Reached XP level 6. HP: 25/37 MP: 6/6
  2554 | D:4      | Reached skill level 7 in Maces & Flails
  2582 | D:3      | Killed from afar by an orc wizard

Illustrated notes

Levels and vault maps discovered:
D:1:      elethiomel_arrival_shortcut, layout_basic
D:2:      layout_rooms, nemelex_xobeh_ov_fountains_minmay, lemuel_doored_altar,
          uniq_sigmund
D:3:      layout_basic, nicolae_overflow_hidden_temple
D:4:      layout_cave_pods, old_standard_altar, ashenzari_altar_1

Skill      XL: |  1  2  3  4  5  6 |
---------------+-------------------+-----
Maces & Flails | 3 5 6 7 |  7.0
Fighting       | |  3.2
Armour         | |  3.2
Shields        | |  3.2

Action                   |  1- 3 |  4- 6 || total
-------------------------+-------+-------++-------
Melee: Flail             |   110 |   104 ||   214
Armor: Scale mail        |    35 |       ||    35
       Ring mail         |    13 |    79 ||    92
Dodge: Dodged            |    28 |    66 ||    94
Block: Kite shield       |    54 |    75 ||   129

Table legend: (Time is in decaauts)
 A = Elapsed time spent in this place.
 B = Non-inter-level travel time spent in this place.
 C = Inter-level travel time spent in this place.
 D = Time resting spent in this place.
 E = Time spent auto-exploring this place.
 F = Levels seen in this place.
 G = Mean time per level.
                   A        B        C        D        E       F      G
               +--------+--------+--------+--------+--------+-----+--------+
         Total |   2668 |   2552 |    116 |    288 |   1744 |   4 |  667.0 |
       Dungeon |   2668 |   2552 |    116 |    288 |   1744 |   4 |  667.0 |
               +--------+--------+--------+--------+--------+-----+--------+

Top non-repeatable levels by time:
     D:3: 1049 daAuts
     D:1: 830 daAuts
     D:2: 737 daAuts
     D:4: 49 daAuts
